 Dungeon Crawl Stone Soup version 0.28.0-45-g0d030f2227 (webtiles) character file.

Game seed: 11054372047727270130

1080973 protoss039 the Sorcerer (level 27, -2/190 HPs)
             Began as a Gargoyle Earth Elementalist on May 10, 2022.
             Was the Champion of Vehumet.
             Killed from afar by Cerebov (38 damage)
             ... with a great blast of fire
             ... in Pandemonium.
             The game lasted 06:45:20 (125491 turns).

protoss039 the Sorcerer (GrEE)                    Turns: 125491, Time: 06:45:20

Health: -2/190     AC: 45    Str: 14    XL:     27
Magic:  7/61       EV: 11    Int: 48    God:    Vehumet [******]
Gold:   11166      SH: 29    Dex:  8    Spells: 0/77 levels left

rFire   + + +      SeeInvis +   f - +4 flail of Cocytus {chaos, rF- Will+++ Dex-3 Stlth+}
rCold   + + .      Faith    .   w - +3 tower shield {reflect}
rNeg    + + .      Spirit   .   a - +3 leather armour "Oquh Higg" {Drain rF+++ MP+9 SInv}
rPois   ∞          Reflect  +   T - +2 helmet {SInv}
rElec   +          Harm     .   s - +1 cloak of the Land of Plenty {rN+ Int+4}
rCorr   +          Rampage  .   P - +2 pair of gloves {Dex+3}
Will    +++++                   J - +2 pair of boots {Stlth+}
Stlth   ++++......              c - amulet "Qereocu" {Reflect Int+9 SH+5}
HPRegen 0.41/turn               W - ring of Hoteamyeq {rPois rF+ rC++ Int+3 Dex-2}
MPRegen 0.37/turn               Z - ring of Firrex {rCorr Int+4 SInv}

@: flying, studying 3 skills
A: sickness immunity, AC +20, big wings, negative energy resistance 1,
electricity resistance, torment resistance 1, petrification resistance
}: 11/15 runes: barnacled, slimy, silver, iron, obsidian, icy, bone, abyssal,
demonic, glowing, gossamer
a: Renounce Religion


You were in Pandemonium.
You worshipped Vehumet.
Vehumet was exalted by your worship.
You visited 17 branches of the dungeon, and saw 86 of its levels.
You visited Pandemonium 2 times, and saw 7 of its levels.
You visited the Abyss 1 time.
You also visited: Trove, Ice Cave and Volcano.

You collected 14627 gold pieces.
You spent 3461 gold pieces at shops.

Inventory:

Hand Weapons
 f - the +4 flail of Cocytus (weapon) {chaos, rF- Will+++ Dex-3 Stlth+}
   (You subdued it on level 2 of the Orcish Mines)

   Each time it hits an enemy it has a different, random effect.
   Dex:       It affects your dexterity (-3).
   rF:        It makes you vulnerable to fire.
   Will:      It greatly increases your willpower.
   Stlth:     It makes you more stealthy.
 r - the +8 scimitar of Dried Tears {venom, rElec rC- Will- Int+10}
   (You took it off an efreet in Pandemonium)

   It poisons the flesh of those it strikes.
   Int:       It affects your intelligence (+10).
   rC:        It makes you vulnerable to cold.
   rElec:     It insulates you from electricity.
   Will:      It decreases your willpower.
Missiles
 m - 12 throwing nets
Armour
 a - the +3 leather armour "Oquh Higg" (worn) {Drain rF+++ MP+9 SInv}
   (You found it on level 8 of the Dungeon)

   rF:        It renders you almost immune to fire.
   MP:        It affects your magic capacity (+9).
   SInv:      It lets you see invisible.
   Drain:     It drains your maximum health when unequipped.
 d - a scarf of resistance
 o - a +2 robe of the Archmagi
 s - the +1 cloak of the Land of Plenty (worn) {rN+ Int+4}
   (You found it in Pandemonium)

   Int:       It affects your intelligence (+4).
   rN:        It protects you from negative energy.
 w - a +3 tower shield of reflection (worn)
 J - a +2 pair of boots of stealth (worn)
 P - a +2 pair of gloves of dexterity (worn)
 T - a +2 helmet of see invisible (worn)
Magical Staves
 v - a staff of earth
 A - a staff of conjuration
 M - a staff of fire
Jewellery
 b - the ring "Huot" {Fire rPois rCorr Dex+3}
   (You found it on level 7 of Gehenna)

   [ring of fire]

   It enhances your fire magic.
   Dex:       It affects your dexterity (+3).
   rF:        It protects you from fire.
   rC:        It makes you vulnerable to cold.
   rPois:     It protects you from poison.
   rCorr:     It protects you from acid and corrosion.
 c - the amulet "Qereocu" (around neck) {Reflect Int+9 SH+5}
   (You found it in Pandemonium)

   [amulet of reflection]

   It reflects blocked missile attacks.
   Int:       It affects your intelligence (+9).
   SH:        It affects your SH (+5).
 u - the ring "Ceireogaoh" {Fly Will+ Int+6 Slay-5}
   (You found it in Pandemonium)

   [ring of intelligence]

   Int:       It affects your intelligence (+6).
   Slay:      It affects your accuracy & damage with ranged weapons and melee
   (-5).
   Fly:       It grants you flight.
   Will:      It increases your willpower.
 W - the ring of Hoteamyeq (left hand) {rPois rF+ rC++ Int+3 Dex-2}
   (You found it in Pandemonium)

   [ring of protection from fire]

   Int:       It affects your intelligence (+3).
   Dex:       It affects your dexterity (-2).
   rF:        It protects you from fire.
   rC:        It greatly protects you from cold.
   rPois:     It protects you from poison.
 X - the ring "Fewal" {rC+ MP+9 Dex+4 Stlth+}
   (You found it in Pandemonium)

   [ring of magical power]

   Dex:       It affects your dexterity (+4).
   rC:        It protects you from cold.
   MP:        It affects your magic capacity (+9).
   Stlth:     It makes you more stealthy.
 Z - the ring of Firrex (right hand) {rCorr Int+4 SInv}
   (You found it on level 2 of the Lair of Beasts)

   [ring of resist corrosion]

   Int:       It affects your intelligence (+4).
   SInv:      It lets you see invisible.
   rCorr:     It protects you from acid and corrosion.
Wands
 n - a wand of acid (34)
 E - a wand of digging (40)
 R - a wand of iceblast (41)
Scrolls
 g - a scroll of amnesia
 h - 13 scrolls of fear
 j - 5 scrolls of brand weapon
 k - 10 scrolls of fog
 q - 9 scrolls of immolation
 t - 4 scrolls of blinking
 x - 12 scrolls of enchant weapon
 y - 4 scrolls of holy word
 D - a scroll of magic mapping
 F - 7 scrolls of summoning
 K - 25 scrolls of teleportation
Potions
 e - 41 potions of curing
 i - 11 potions of ambrosia
 l - 10 potions of brilliance
 p - 10 potions of resistance
 z - 19 potions of heal wounds
 B - 12 potions of mutation
 C - 5 potions of cancellation
 G - 3 potions of invisibility
 I - 11 potions of magic
 O - 6 potions of might
 V - 5 potions of haste
Miscellaneous
 L - a condenser vane
 S - a phantom mirror
 U - the horn of Geryon


   Skills:
 - Level 24.0 Fighting
 - Level 24.0 Armour
 - Level 1.5 Dodging
 - Level 3.0 Stealth
 - Level 24.0 Shields
 * Level 25.6 Spellcasting
 - Level 24.0 Conjurations
 * Level 16.9 Necromancy
 + Level 10.9 Transmutations
 - Level 21.0 Fire Magic
 - Level 15.0 Ice Magic
 - Level 24.0 Earth Magic
 - Level 3.0 Poison Magic


You couldn't memorise any spells.
You knew the following spells:

 Your Spells              Type           Power      Damage    Failure   Level
a - Necromutation         Tmut/Necr      57%        N/A       7%          8
b - Passwall              Tmut/Erth      100%       N/A       0%          2
c - Stone Arrow           Conj/Erth      100%       3d13      0%          3
d - Swiftness             Air            57%        N/A       1%          3
e - Fire Storm            Conj/Fire      67%        8d17      1%          9
f - Ignition              Fire           66%        3d18      1%          8
g - Shatter               Erth           69%        3d51*     1%          9
h - Ozocubu's Refrigerat  Ice            58%        4d16      1%          7
i - Borgnjor's Vile Clut  Necr/Erth      65%        N/A       0%          5
j - Iron Shot             Conj/Erth      69%        9d13      0%          6
k - Lehudib's Crystal Sp  Conj/Erth      69%        10d16     1%          8
l - Polar Vortex          Ice            58%        N/A       17%         9

Your spell library contained the following spells:

 Spells                   Type           Power      Damage    Failure   Level
 Chain Lightning          Conj/Air       54%        3d72      50%         9
 Animate Skeleton         Necr           100%       N/A       0%          1
 Beastly Appendage        Tmut           100%       N/A       0%          1
 Freeze                   Ice            100%       1d11      0%          1
 Magic Dart               Conj           100%       1d8       0%          1
 Pain                     Necr           100%       1d9       0%          1
 Sandblast                Erth           100%       2d20      0%          1
 Shock                    Conj/Air       100%       1d9       0%          1
 Scorch                   Fire           100%       2d10      0%          2
 Searing Ray              Conj           100%       2d8       0%          2
 Static Discharge         Conj/Air       100%       N/A       0%          2
 Wereblood                Tmut           100%       N/A       0%          2
 Conjure Flame            Conj/Fire      100%       6-21      0%          3
 Frozen Ramparts          Ice            100%       1d12      0%          3
 Inner Flame              Hex/Fire       100%       N/A       0%          3
 Mephitic Cloud           Conj/Pois/Air  99%        N/A       0%          3
 Ozocubu's Armour         Ice            100%       N/A       0%          3
 Vampiric Draining        Necr           100%       2d13      0%          3
 Animate Dead             Necr           61%        N/A       0%          4
 Dispel Undead            Necr           100%       3d31      0%          4
 Flame Wave               Conj/Fire      100%       2d17      0%          4
 Fulminant Prism          Conj/Hex       54%        3d23      0%          4
 Ice Form                 Ice/Tmut       100%       N/A       0%          4
 Iskenderun's Mystic Bla  Conj/Tloc      100%       2d19      0%          4
 Petrify                  Tmut/Erth      100%       N/A       0%          4
 Sticky Flame             Conj/Fire      100%       2d11      0%          4
 Agony                    Necr           100%       N/A       0%          5
 Excruciating Wounds      Necr           61%        N/A       0%          5
 Fireball                 Conj/Fire      67%        3d25      0%          5
 Irradiate                Conj/Tmut      62%        3d34      0%          5
 Iskenderun's Battlesphe  Conj           100%       2d15      0%          5
 Lee's Rapid Deconstruct  Erth           69%        3d32*     0%          5
 Starburst                Conj/Fire      67%        6d18      0%          6
 Orb of Destruction       Conj           69%        9d16      0%          7
 Apportation              Tloc           100%       N/A       1%          1
 Sting                    Tmut/Pois      100%       1d8       1%          1
 Summon Small Mammal      Summ           100%       N/A       1%          1
 Blink                    Tloc           100%       N/A       1%          2
 Call Imp                 Summ           57%        N/A       1%          2
 Ensorcelled Hibernation  Hex/Ice        100%       N/A       1%          2
 Poisonous Vapours        Pois/Air       100%       N/A       1%          2
 Call Canine Familiar     Summ           57%        N/A       1%          3
 Gell's Gravitas          Tloc           57%        N/A       1%          3
 Lesser Beckoning         Tloc           57%        N/A       1%          3
 Portal Projectile        Hex/Tloc       100%       N/A       1%          3
 Spider Form              Tmut/Pois      91%        N/A       1%          3
 Summon Guardian Golem    Hex/Summ       57%        N/A       1%          3
 Teleport Other           Tloc           57%        N/A       1%          3
 Tukima's Dance           Hex            57%        N/A       1%          3
 Airstrike                Air            28%        N/A       1%          4
 Anguish                  Hex/Necr       48%        N/A       1%          4
 Animate Armour           Summ/Erth      100%       N/A       1%          4
 Leda's Liquefaction      Hex/Erth       54%        N/A       1%          4
 Olgreb's Toxic Radiance  Pois           74%        N/A       1%          4
 Summon Ice Beast         Ice/Summ       93%        N/A       1%          4
 Alistair's Intoxication  Tmut/Pois      60%        N/A       1%          5
 Blade Hands              Tmut           52%        N/A       1%          5
 Freezing Cloud           Conj/Ice/Air   56%        6-21      1%          5
 Lightning Bolt           Conj/Air       54%        1d76      1%          5
 Metabolic Englaciation   Hex/Ice        46%        N/A       1%          5
 Yara's Violent Unravell  Hex/Tmut       42%        3d17      1%          5
 Conjure Ball Lightning   Conj/Air       54%        3x3d20    1%          6
 Death Channel            Necr           61%        N/A       1%          6
 Eringya's Noxious Bog    Tmut/Pois      45%        N/A       1%          6
 Simulacrum               Ice/Necr       60%        N/A       1%          6
 Spellforged Servitor     Conj/Summ      54%        N/A       1%          7
 Borgnjor's Revivificati  Necr           61%        N/A       1%          8
 Cause Fear               Hex            28%        N/A       3%          4
 Passage of Golubria      Tloc           57%        N/A       3%          4
 Summon Lightning Spire   Summ/Air       57%        N/A       3%          4
 Dragon Form              Tmut           52%        N/A       3%          7
 Manifold Assault         Tloc           57%        N/A       9%          5
 Silence                  Hex/Air        28%        N/A       9%          5
 Summon Forest            Summ/Tloc      28%        N/A       9%          5
 Summon Mana Viper        Hex/Summ       57%        N/A       9%          5
 Storm Form               Tmut/Air       42%        N/A       28%         7
 Death's Door             Necr           61%        N/A       30%         9
 Dispersal                Tloc           28%        N/A       43%         6
 Summon Cactus Giant      Summ           28%        N/A       43%         6
 Summon Hydra             Summ           28%        N/A       95%         7
 Maxwell's Capacitive Co  Air            28%        ∞         99%         8
 Discord                  Hex            28%        N/A       100%        8
 Disjunction              Tloc           28%        N/A       100%        8
 Dragon's Call            Summ           28%        N/A       100%        9
 Sublimation of Blood     Necr           Unusable   N/A       N/A         2
 Statue Form              Tmut/Erth      Unusable   N/A       N/A         6

Dungeon Overview and Level Annotations

Branches:
Dungeon (15/15)            Temple (1/1) D:6            Lair (6/6) D:8
 Shoals (4/4) Lair:3       Spider (4/4) Lair:2        Slime (5/5) Lair:5
    Orc (2/2) D:9             Elf (3/3) Orc:2        Vaults (5/5) D:14
  Crypt (3/3) Vaults:2       Tomb (0/3) Crypt:3      Depths (4/4) D:15
   Hell (visited)             Dis (7/7) Hell            Geh (7/7) Hell
    Coc (7/7) Hell            Tar (7/7) Hell            Zot (5/5) Depths:4
  IceCv (visited)         Volcano (visited)

Altars:
Ashenzari
Cheibriados
Dithmenos
Elyvilon
Fedhas
Gozag
Hepliaklqana
Kikubaaqudgha
Makhleb
Nemelex Xobeh
Okawaru
Qazlal
Ru
Sif Muna
Trog
Uskayaw
Vehumet
Wu Jian
Xom
Yredelemnul
Zin
The Shining One
Jiyva
Lugonu

Shops:
D:1 :   D:15 =   Orc:1 !   Orc:2 [*:(   Elf:2 (   Vaults:1 ?*:[   Vaults:2 (
Depths:1 [(==   Depths:4 ?=

Portals:
Hell: Depths:1 Depths:2 Depths:3 Depths:4
Abyss: Depths:1 Depths:2 Depths:3
Pandemonium: Depths:2
Ziggurat: Depths:2

Annotations:
Crypt:1 exclusion: 3 doors, Mennas
Depths:4 2 transporters
Coc:7 exclusion: ice statue
Pan Cerebov


Innate Abilities, Weirdness & Mutations

You are immune to sickness and miasma.
Your stone body is resilient. (AC +20)
You are immune to poison.
Your large and strong wings let you fly.
You resist negative energy. (rN+)
You are resistant to electric shocks. (rElec)
You are resistant to unholy torment.
You are immune to petrification.


Message History

Cerebov gestures at you. The iron shot hits you!!
* * * LOW HITPOINT WARNING * * *
Unknown command.
Unknown command.
Unknown command.
Blink to where?
Press: ? - help, Dir - move target, p - Cerebov
As you read the scroll of blinking, it crumbles to dust.
Unknown command.
Unknown command.
Press: ? - help, v - describe, . - travel
Here: Cerebov, wielding the +6 sword of Cerebov {flame} (severely wounded, fast)
The floor.
You feel much better. The winds around you calm down.
Cerebov gestures.
Unknown command.
Casting: Lehudib's Crystal Spear (mildly dangerous; 1% risk of failure)
Confirm with . or Enter, or press ? or * to list all spells.
Aiming: Lehudib's Crystal Spear (mildly dangerous; 1% risk of failure)
Press: ? - help, Shift-Dir - straight line, f - Cerebov
Aim: Cerebov, wielding the +6 sword of Cerebov {flame} (severely wounded, fast, 89% to hit)
The crystal spear hits Cerebov!!!!
Cerebov is almost dead.
Cerebov gestures at you. The iron shot hits you!!
* * * LOW HITPOINT WARNING * * *
Unknown command.
Casting: Lehudib's Crystal Spear (mildly dangerous; 1% risk of failure)
Confirm with . or Enter, or press ? or * to list all spells.
Aiming: Lehudib's Crystal Spear (mildly dangerous; 1% risk of failure)
Press: ? - help, Shift-Dir - straight line, f/p - Cerebov
Aim: Cerebov, wielding the +6 sword of Cerebov {flame} (almost dead, fast, 89% to hit)
The crystal spear hits Cerebov!!!!
Cerebov is almost dead.
Cerebov gestures at you.
A raging storm of fire appears!
The great blast of fire engulfs you!!! You partially resist.
You die...

#####.....§≈#≈...≈#≈§.....#
#####.§.§.§≈#≈)1.≈#≈§.....#
......≈≈§≈≈##≈...≈##§≈≈≈≈.#
###...≈######≈.22≈######§§#
*#..#.≈#...#≈≈...≈≈#})"#§§#
#..##.≈#.}.'....&..'}:[#§§#
..#*#.≈#...#≈≈[..≈≈#[).#≈.#
##* #.≈######≈.).≈######§.#
* #§§§≈≈≈*#§..@≈##≈§≈≈§.#
#.§.,,≈≈#§...≈#≈≈§....#
*,,,,,≈≈#≈.§§§#§§§§§..#
*,,,,,≈≈#≈.§.≈#§§.§...#
*,≈≈≈≈≈*#≈...≈##§§≈≈≈.#
*,≈######§...§######≈.#
*,≈#...#§≈...≈§#=[[#≈.#
*,≈#...§§§.=...'[.}#≈.# **
*,≈#...#§≈...≈≈#..)#§§#


You could see Cerebov (fast), a Brimstone Fiend, a balrug (summoned) and a
hellion (summoned).

Vanquished Creatures
  Asmodeus (Geh:7)
  Antaeus (Coc:7)
  the Royal Jelly (Slime:5)
  A seraph (Pan)
  Mnoleg (Pan)
  Ereshkigal (Tar:7)
  the Serpent of Hell (Tar:7)
  7 dread liches
  Dispater (Dis:7)
  5 ancient liches (Zot:5)
  4 orbs of fire
  3 juggernauts
  2 pandemonium lords (Pan)
  Sojobo (Depths:4)
  Bai Suzhen (Crypt:3)
  2 Killer Klowns (Zot:5)
  Margery (Crypt:3)
  13 shard shrikes
  3 curse toes
  40 caustic shrikes
  Geryon (Hell)
  Saint Roka (Orc:2)
  7 golden dragons
  8 profane servitors
  Jory (Vaults:2)
  2 pearl dragons (Pan)
  26 bone dragons
  Arachne (Spider:4)
  11 Brimstone Fiends
  2 electric golems (Zot:5)
  12 doom hounds
  A shard shrike zombie (Tar:7)
  15 iron giants
  25 Tzitzimimeh
  18 tentacled monstrosities
  12 Ice Fiends
  A spectral shard shrike (Tar:4)
  Jorgrun (Orc:2)
  Mlioglotl (Spider:4)
  21 tainted leviathans
  The ghost of Seraphu the Warrior, an adept HOFi of Ashenzari (Vaults:1)
  A walking earthen tome (Depths:4)
  Asterion (Spider:1)
  2 walking crystal tomes
  11 liches
  4 hellephants
  A shard shrike skeleton (Tar:7)
  25 Orb Guardians (Zot:5)
  23 searing wretches
  28 Hell Sentinels
  2 deep elf blademasters
  8 titans
  3 quicksilver dragons
  A walking frostbound tome (Depths:3)
  The ghost of protoss039 the Eclecticist, an adept GrEE of Vehumet (Spider:3)
  12 acid blobs
  4 Executioners (Pan)
  A walking divine tome (Depths:4)
  Polyphemus (Shoals:4)
  14 ancient champions
  2 deep elf master archers (Elf:3)
  2 death cobs
  Gastronok (Lair:2)
  2 tentacled starspawn (Abyss:3)
  12 sphinxes
  10 storm dragons
  14 shadow dragons
  8 draconian knights
  11 tengu reavers
  Donald (Vaults:3)
  2 draconian monks
  14 azure jellies
  A nagaraja (Abyss:3)
  3 revenants
  14 daevas (Pan)
  Roxanne (Elf:3)
  6 rockslimes
  14 narguns
  9 deep elf sorcerers
  5 emperor scorpions
  10 fire giants
  12 cacodemons (Pan)
  A demonspawn warmonger (Pan)
  14 frost giants
  12 vault wardens
  2 orc warlords
  28 balrugs
  5 draconian scorchers
  5 curse skulls
  Louise (Shoals:4)
  9 ghost moths
  Aizul (Spider:1)
  11 quicksilver elementals
  4 deep elf elementalists (Elf:3)
  3 broodmothers
  4 draconian shifters
  2 draconian annihilators (Zot:3)
  3 ghouls
  7 spriggan defenders
  24 war gargoyles
  21 ironbound preservers
  A stone giant (shapeshifter) (Vaults:5)
  31 angels (Pan)
  21 reapers
  2 draconian stormcallers (Zot:5)
  9 shard shrike simulacra
  4 demonspawn corrupters (Pan)
  17 stone giants
  3 demonspawn blood saints (Pan)
  4 ironbound thunderhulks
  8 quicksilver oozes
  2 caustic shrike skeletons (Tar:7)
  5 vampire knights
  18 ophanim (Pan)
  28 very ugly things
  6 deep elf demonologists
  8 green draconians
  32 apis (Pan)
  8 purple draconians
  4 black draconians
  4 demonspawn black suns (Pan)
  7 red draconians
  31 wendigos
  15 putrid mouths
  6 yellow draconians
  9 deep elf annihilators
  A lorocyproca (Depths:2)
  23 elemental wellsprings
  7 entropy weavers
  5 dire elephants
  3 white draconians
  8 spark wasps
  7 eidola
  11 iron golems
  10 merfolk javelineers
  5 green deaths (Pan)
  A spectral quicksilver dragon (Tar:2)
  9 merfolk impalers
  A mummy priest (Crypt:3)
  2 crystal guardians
  12 blizzard demons (Pan)
  8 ettins
  6 jiangshi
  11 deep elf death magi
  2 spectral spriggans (Tar:4)
  7 fire dragons
  Harold (D:7)
  The ghost of jacek the Protected, a journeyman DDCA of Kikubaaqudgha (Orc:2)
  2 rakshasas
  A spectral golden dragon (Tar:1)
  11 yaktaur captains
  3 spriggan zombies
  11 great orbs of eyes
  11 hydras
  6 deep elf high priests
  2 quicksilver dragon skeletons
  34 vault guards
  13 salamander tyrants
  10 spriggan air magi
  9 caustic shrike simulacra
  2 ogre magi
  2 jorogumos
  8 ironbound frosthearts
  11 juggernaut simulacra
  5 catoblepae
  10 two-headed ogres
  12 ice dragons
  A peacekeeper (Vaults:4)
  A radroach (Spider:2)
  2 spriggan skeletons
  15 boulder beetles
  Erica (Orc:1)
  7 merfolk avatars
  4 merfolk aquamancers (Shoals:4)
  7 stokers
  9 centaur warriors
  34 dancing weapons
  A death knight (Crypt:1)
  A fenstrider witch skeleton (Hell)
  13 death yaks
  A spectral stone giant (Tar:1)
  A vampire mage (Depths:3)
  3 deep troll shamans
  A death scarab (Spider:1)
  7 tengu warriors
  2 satyrs
  3 thrashing horrors (Abyss:3)
  58 hell hogs
  A spectral dire elephant (Tar:3)
  12 soul eaters
  A titan zombie (Hell)
  An orc high priest (Orc:2)
  7 spriggan berserkers
  39 large abominations
  30 deep elf knights
  5 spectral nagas
  5 deep troll earth magi
  3 hell knights
  11 sixfirhies (Pan)
  A fire crab (Lair:6)
  9 crystal echidnas
  A sun moth (Spider:3)
  38 sun demons
  3 wretched stars (Abyss:3)
  12 pharaoh ants
  3 iron trolls
  12 sea snakes
  A storm dragon skeleton (Crypt:1)
  6 skeletal warriors
  2 starcursed masses (Abyss:3)
  2 spatial maelstroms (Abyss:3)
  9 steelbarb worms
  2 anaconda zombies (Hell)
  56 deep trolls
  31 shadow wraiths
  6 quicksilver dragon simulacra
  A spectral iron dragon (Tar:4)
  3 orange crystal statues (Hell)
  2 kraken simulacra (Coc:7)
  9 flayed ghosts
  2 shadow demons (Pan)
  5 orb spiders
  4 glowing orange brains
  A spectral anaconda (Tar:1)
  A sea snake (shapeshifter) (Depths:4)
  13 deep elf archers
  3 lindwurms
  A bunyip skeleton (Hell)
  19 cherubim (Pan)
  5 bog bodies
  An obsidian statue (Zot:5)
  7 wizards
  20 ironbound convokers
  A glowing orange brain (shapeshifter) (Vaults:1)
  12 harpies
  9 necromancers
  22 phantasmal warriors
  26 deep elf pyromancers
  6 orc knights
  45 ugly things
  20 wolf spiders
  An anaconda skeleton (Tar:7)
  34 deep elf zephyrmancers
  A shining eye (shapeshifter) (Depths:4)
  7 fauns
  11 shining eyes
  100 slime creatures
  A spectral ettin (Tar:1)
  8 orc sorcerers
  An oklob plant (Lair:1)
  18 cyclopes
  18 manticores
  2 salamanders (Depths:2)
  3 stone giant zombies (Hell)
  4 centaur zombies
  3 spectral centaurs
  3 worldbinders (Abyss:3)
  12 elephants
  2 frost giant zombies (Hell)
  2 apocalypse crabs (Abyss:3)
  A rust devil (Depths:4)
  8 merfolk sirens
  A toenail golem (Pan)
  2 stone giant skeletons
  24 moths of wrath
  3 ice statues
  9 black mambas
  18 water nymphs
  A guardian serpent (Abyss:2)
  Maurice (D:9)
  12 vault sentinels
  A dire elephant zombie (Tar:7)
  9 titan simulacra
  4 eyes of devastation
  14 fire giant skeletons
  8 molten gargoyles (Geh:7)
  13 torpor snails
  2 dire elephant skeletons
  8 cane toads
  5 gargoyles
  22 orange demons
  37 smoke demons
  6 efreet
  27 yaktaurs
  20 hellions
  4 centaur skeletons
  7 komodo dragons
  2 unseen horrors
  2 kobold demonologists
  A sea snake zombie (Hell)
  14 tormentors
  8 freezing wraiths
  A yaktaur skeleton (Vaults:2)
  14 demonic crawlers
  7 ancient zymes
  A rime drake (Lair:2)
  5 entropy weaver simulacra (IceCv)
  3 bunyip simulacra
  2 harpy zombies
  5 red devils
  5 tengu conjurers
  6 hellwings (Pan)
  5 anaconda simulacra
  A golden dragon simulacrum (Coc:1)
  3 iron giant simulacra
  2 spectral harpies (Tar:4)
  12 ice devils
  A sea snake skeleton (Hell)
  4 trolls
  3 guardian mummies (Crypt:3)
  A silent spectre (Tar:2)
  A hydra zombie (Hell)
  6 meliai
  A queen bee (D:9)
  A meliai (shapeshifter) (D:15)
  2 raiju (Abyss:3)
  Grinder (D:6)
  15 wind drakes
  3 polar bears
  2 harpy skeletons
  9 hornets
  18 tarantellas
  27 merfolk
  Prince Ribbit (D:7)
  16 blink frogs
  4 iron dragon simulacra
  A draconian simulacrum (Coc:1)
  6 dream sheep (Shoals:3)
  15 snapping turtles
  A frost giant simulacrum (Vaults:2)
  4 stone giant simulacra
  Sigmund (D:7)
  15 jumping spiders
  A jumping spider (shapeshifter) (Vaults:5)
  3 centaur simulacra
  11 air elementals
  20 flying skulls
  A satyr skeleton (Crypt:1)
  28 water elementals
  7 shadows
  A black mamba zombie (Crypt:2)
  23 culicivoras
  9 spriggans
  An alligator skeleton (Hell)
  75 yaks
  14 ynoxinuls
  3 fire bats (Depths:2)
  5 wyverns
  9 dire elephant simulacra
  6 fire dragon skeletons (Crypt:3)
  Eustachio (D:6)
  12 wraiths
  An alligator snapping turtle simulacrum (Coc:1)
  A tyrant leech zombie (Crypt:2)
  6 basilisks
  Grum (D:9)
  4 fire elementals
  13 golden eyes
  2 steam dragons
  14 neqoxecs (Pan)
  A death yak simulacrum (IceCv)
  25 chaos spawn
  71 redbacks
  Menkaure (D:4)
  Edmund (D:7)
  2 wargs (Orc:2)
  10 spatial vortices (Abyss:3)
  19 harpy simulacra
  A swamp worm (shapeshifter) (Vaults:5)
  2 acid dragons
  15 water moccasins
  4 hydra simulacra
  A naga skeleton (Crypt:3)
  3 ice beasts
  6 floating eyes
  4 necrophages
  Duvessa (D:7)
  A cane toad skeleton (Crypt:2)
  26 orc warriors
  The ghost of diceflayer the Skirmisher, an amateur MiFi (D:3)
  A black bear (D:5)
  13 centaurs
  An ice dragon simulacrum (Coc:1)
  5 ogres
  A boggart (Vaults:1)
  16 wolves
  3 ettin simulacra (Coc:7)
  3 human skeletons (Vaults:4)
  2 phantoms
  A human zombie (Vaults:3)
  11 kobold brigands
  Blork the orc (D:4)
  15 bullfrogs
  A palentonga skeleton (Crypt:1)
  3 earth elementals
  3 scorpions
  5 two-headed ogre simulacra (IceCv)
  A wyvern skeleton (D:7)
  9 small abominations
  A water moccasin skeleton (D:6)
  2 elephant simulacra (IceCv)
  Dowan (D:7)
  28 killer bees
  A troll skeleton (Crypt:2)
  2 wights (Crypt:3)
  4 howler monkeys
  11 electric eels
  A lava snake (Lair:6)
  A quasit (Abyss:3)
  A jelly (Abyss:3)
  11 orc priests
  A bullfrog skeleton (D:4)
  An iron imp (Abyss:3)
  4 iguanas
  18 orc wizards
  2 polar bear simulacra (IceCv)
  12 spriggan simulacra
  3 troll simulacra (IceCv)
  2 tengu zombies
  A hound zombie (Crypt:2)
  2 hound skeletons (D:4)
  10 mummies (Crypt:3)
  Robin (D:4)
  A howler monkey zombie (D:9)
  5 gnolls
  A swamp drake zombie (Crypt:2)
  6 adders
  13 naga simulacra
  A steam dragon skeleton (Crypt:1)
  2 shadow imps (D:10)
  7 white imps
  11 ufetubi
  2 adder skeletons (D:4)
  2 barachi skeletons (Crypt:1)
  A dart slug (D:4)
  57 orcs
  10 ball pythons
  4 endoplasms
  3 giant cockroaches
  13 goblins
  6 hobgoblins
  6 quokkas
  8 bats
  5 frilled lizards
  A giant cockroach zombie (Crypt:1)
  A goblin skeleton (Crypt:2)
  47 kobolds
  10 kobold skeletons (D:10)
  8 kobold zombies (D:10)
  12 rats
  A bush (D:8)
  7 creeping infernos
  65 fire vortices
  2 lurking horrors (Abyss:3)
  3 tentacles (Coc:7)
3778 creatures vanquished.

Vanquished Creatures (collateral kills)
  2 shard shrikes
  A caustic shrike (Dis:4)
  A doom hound (Tar:4)
  A tainted leviathan (Tar:1)
  An acid blob (Slime:4)
  A titan (Coc:7)
  4 azure jellies (Slime:5)
  A daeva (Pan)
  A demonspawn warmonger (Pan)
  An angel (Pan)
  A shard shrike simulacrum (Coc:7)
  2 ophanim (Pan)
  A putrid mouth (Hell)
  An apis (Pan)
  An eidolon (Tar:7)
  A juggernaut simulacrum (Coc:7)
  A neqoxec (Pan)
  An ettin simulacrum (Coc:7)
23 creatures vanquished.

Vanquished Creatures (others)
  A tentacled monstrosity (Vaults:5)
  An eldritch tentacle (Pan)
  The ghost of Siverane the Slayer, a journeyman HOFi of Beogh (Spider:3)
  2 fire giants
  2 shard shrike simulacra (Coc:7)
  A wendigo (Coc:7)
  A vault guard (D:14)
  A stoker (Geh:6)
  A deep elf knight (Elf:1)
  2 quicksilver dragon simulacra (Coc:7)
  A deep elf archer (Elf:2)
  A tormentor (Geh:6)
  A hellion (Geh:7)
  An iron dragon simulacrum (Coc:7)
  A large abomination (Abyss:3)
  A water elemental (Shoals:4)
  2 dire elephant simulacra
  3 harpy simulacra
  An ufetubus (IceCv)
  5 ball lightnings (Spider:3)
  A creeping inferno (Geh:6)
  270 fire vortices
  32 fungi
  192 plants
  10 starspawn tentacles (Abyss:3)
  5 tentacles (Coc:7)
  59 withered plants
599 creatures vanquished.

Grand Total: 4400 creatures vanquished

Notes
Turn   | Place    | Note
-------+----------+-------------------------------------------
     0 | D:1      | protoss039 the Gargoyle Earth Elementalist began the quest
                  | for the Orb.
     0 | D:1      | Reached XP level 1. HP: 10/10 MP: 3/3
   220 | D:1      | Reached skill level 1 in Fighting
   220 | D:1      | Reached skill level 1 in Transmutations
   220 | D:1      | Reached XP level 2. HP: 13/16 MP: 0/5
   840 | D:1      | Reached XP level 3. HP: 7/21 MP: 3/6
  1064 | D:1      | Reached skill level 1 in Armour
  1408 | D:1      | Found Volel's Book Shop.
  1566 | D:2      | Learned a level 2 spell: Passwall
  1570 | D:2      | Learned a level 3 spell: Stone Arrow
  1879 | D:2      | Found a faded altar of an unknown god.
  2353 | D:2      | Reached XP level 4. HP: 26/26 MP: 7/7
  2603 | D:3      | Found a runed translucent door.
  2792 | D:4      | Reached XP level 5. HP: 19/32 MP: 4/8
  3114 | D:3      | Found a broken altar of Ashenzari.
  3193 | D:3      | Noticed diceflayer's ghost (amateur MiFi)
  3297 | D:3      | You fall into a shaft and drop 1 floor!
  3363 | D:4      | Noticed Menkaure
  3369 | D:4      | Killed Menkaure
  3370 | D:4      | Reached skill level 3 in Spellcasting
  3370 | D:4      | Reached XP level 6. HP: 30/38 MP: 6/10
  3537 | D:4      | Noticed Robin
  3558 | D:4      | Killed Robin
  3559 | D:4      | Reached skill level 5 in Earth Magic
  3822 | D:4      | Noticed Blork the orc
  4008 | D:4      | Killed Blork the orc
  4009 | D:4      | Reached XP level 7. HP: 5/44 MP: 0/12
  4162 | D:4      | Reached skill level 1 in Conjurations
  4558 | D:4      | Learned a level 3 spell: Swiftness
  4559 | D:5      | Entered Level 5 of the Dungeon
  4563 | D:5      | Reached skill level 5 in Fighting
  4569 | D:5      | Reached skill level 4 in Spellcasting
  4926 | D:5      | Reached XP level 8. HP: 23/51 MP: 1/15
  5174 | D:5      | Reached skill level 5 in Spellcasting
  5757 | D:6      | Found a staircase to the Ecumenical Temple.
  5766 | Temple   | Entered the Ecumenical Temple
  5863 | Temple   | Became a worshipper of Vehumet
  5903 | D:6      | Noticed Grinder
  6105 | D:6      | Noticed Eustachio
  6219 | D:6      | Reached XP level 9. HP: 57/57 MP: 12/17
  6558 | D:6      | Killed Eustachio
  6827 | D:6      | Killed Grinder
  6828 | D:6      | Reached skill level 6 in Spellcasting
  7106 | D:7      | Noticed Sigmund
  7113 | D:7      | Killed Sigmund
  7198 | D:7      | Noticed Edmund
  7203 | D:7      | Killed Edmund
  7375 | D:7      | Noticed Harold
  7380 | D:7      | Reached * piety under Vehumet
  7380 | D:7      | Offered knowledge of Foxfire by Vehumet.
  7393 | D:7      | Found an iron altar of Okawaru.
  7496 | D:7      | Noticed Prince Ribbit
  7497 | D:7      | Noticed Dowan
  7502 | D:7      | Noticed Duvessa
  7883 | D:7      | Killed Harold
  7884 | D:7      | Reached skill level 7 in Spellcasting
  7884 | D:7      | Reached skill level 5 in Conjurations
  7884 | D:7      | Reached XP level 10. HP: 41/65 MP: 2/20
  7885 | D:7      | Killed Prince Ribbit
  8346 | D:7      | Killed Duvessa
  8360 | D:7      | Killed Dowan
  8441 | D:7      | Found a glowing silver altar of Zin.
  8856 | D:8      | Found a bloodstained altar of Trog.
  9031 | D:8      | Found a staircase to the Lair.
  9033 | D:8      | Noticed a fire dragon
  9041 | D:8      | Killed a fire dragon
  9042 | D:8      | Reached skill level 8 in Spellcasting
  9494 | D:8      | Offered knowledge of Poisonous Vapours by Vehumet.
  9539 | D:8      | Reached ** piety under Vehumet
  9884 | D:8      | Found a shadowy altar of Dithmenos.
  9898 | D:8      | Identified the +3 leather armour "Oquh Higg" {Drain rF+++
                  | MP+9 SInv}
 10254 | D:9      | Reached XP level 11. HP: 66/71 MP: 18/23
 10284 | D:9      | Noticed Grum
 10293 | D:9      | Killed Grum
 10500 | D:9      | Found a staircase to the Orcish Mines.
 10505 | D:9      | Reached skill level 9 in Spellcasting
 10825 | D:9      | Noticed a two-headed ogre
 10830 | D:9      | Killed a two-headed ogre
 10831 | D:9      | Reached skill level 5 in Armour
 10853 | D:9      | Noticed Maurice
 10860 | D:9      | Killed Maurice
 10860 | D:9      | Offered knowledge of Ignite Poison by Vehumet.
 10861 | D:9      | Reached skill level 10 in Fighting
 11114 | D:9      | Reached *** piety under Vehumet
 11530 | D:9      | Offered knowledge of Flame Wave by Vehumet.
 11632 | D:9      | Noticed a two-headed ogre
 11638 | D:9      | Killed a two-headed ogre
 11777 | D:9      | Found a shimmering altar of Xom.
 11777 | D:9      | Found a blossoming altar of Fedhas.
 12006 | D:9      | Learned a level 4 spell: Flame Wave
 12007 | D:10     | Entered Level 10 of the Dungeon
 12327 | D:10     | Reached **** piety under Vehumet
 12328 | D:10     | Offered knowledge of Frozen Ramparts by Vehumet.
 12329 | D:10     | Reached skill level 10 in Spellcasting
 12329 | D:10     | Noticed a sixfirhy
 12406 | D:10     | Found an ancient bone altar of Kikubaaqudgha.
 12450 | D:10     | Found a basalt altar of Yredelemnul.
 12596 | D:10     | Identified the +11 arbalest "Louphice" {venom, Dex+3}
 13093 | D:11     | Found a sacrificial altar of Ru.
 13125 | D:11     | Noticed a centaur warrior
 13132 | D:11     | Killed a centaur warrior
 13192 | D:11     | Identified the +0 war axe "Silubeg" {protect, *Corrode
                  | Will+++ Str+7 Stlth-}
 13290 | D:11     | Reached XP level 12. HP: 77/79 MP: 20/26
 13438 | D:11     | Noticed a boulder beetle
 13448 | D:11     | Killed a boulder beetle
 14299 | D:12     | Reached skill level 11 in Spellcasting
 14335 | D:12     | Noticed a boulder beetle
 14343 | D:12     | Killed a boulder beetle
 14389 | D:12     | Found a frozen archway.
 14405 | IceCv    | Entered an ice cave
 14633 | IceCv    | Reached ***** piety under Vehumet
 14659 | IceCv    | Offered knowledge of Olgreb's Toxic Radiance by Vehumet.
 14803 | IceCv    | Learned a level 4 spell: Olgreb's Toxic Radiance
 15249 | IceCv    | Identified the -1 pair of gloves of the Sun {rF++ Dex+6}
 15544 | IceCv    | Learned a level 3 spell: Mephitic Cloud
 15862 | D:12     | Noticed a two-headed ogre
 15868 | D:12     | Killed a two-headed ogre
 15869 | D:12     | Reached skill level 12 in Spellcasting
 16501 | D:13     | Reached XP level 13. HP: 86/86 MP: 29/29
 17978 | D:14     | Noticed a vault guard
 17982 | D:14     | Noticed a fire dragon
 17986 | D:14     | Noticed a vault guard
 17987 | D:14     | Noticed a vault guard
 18015 | D:14     | Killed a vault guard
 18173 | D:14     | Killed a vault guard
 18309 | D:14     | Noticed a vault guard
 18330 | D:13     | Killed a fire dragon
 18449 | D:14     | Reached skill level 13 in Spellcasting
 18776 | D:14     | Reached skill level 10 in Armour
 18776 | D:14     | Reached skill level 10 in Conjurations
 19094 | D:14     | Killed a vault guard
 19095 | D:14     | Gained mutation: Your large and strong wings let you fly.
                  | [Gargoyle growth]
 19095 | D:14     | Reached XP level 14. HP: 8/94 MP: 17/31
 19924 | D:14     | Found a gate to the Vaults.
 20152 | D:15     | Entered Level 15 of the Dungeon
 20370 | D:15     | Reached skill level 1 in Shields
 20645 | D:15     | Offered knowledge of Eringya's Noxious Bog by Vehumet.
 20877 | D:15     | Got the Volume of the Final Portals
 21093 | D:15     | Found Vanoulus's Jewellery Shoppe.
 22492 | D:15     | Found the +3 giant club "Skullcrusher" {speed, Str+7}
 22882 | Lair:1   | Entered Level 1 of the Lair of Beasts
 23417 | Lair:1   | Reached skill level 1 in Poison Magic
 23785 | Lair:1   | Reached skill level 14 in Spellcasting
 24250 | Lair:2   | Identified the ring of Firrex {rCorr Int+4 SInv}
 24301 | Lair:2   | Reached skill level 5 in Shields
 24301 | Lair:2   | Reached XP level 15. HP: 80/101 MP: 33/33
 24767 | Lair:2   | Noticed Gastronok
 24785 | Lair:2   | Killed Gastronok
 24874 | Lair:2   | Found a hole to the Spider Nest.
 25397 | Lair:3   | Reached skill level 1 in Fire Magic
 25739 | Lair:3   | Found a staircase to the Shoals.
 25940 | Lair:3   | Found a snail-covered altar of Cheibriados.
 25944 | Lair:3   | Offered knowledge of Irradiate by Vehumet.
 25951 | Lair:3   | Learned a level 5 spell: Irradiate
 26873 | Lair:5   | Reached skill level 15 in Fighting
 27245 | Lair:5   | Found a viscous altar of Jiyva.
 27245 | Lair:5   | Found a staircase to the Slime Pits.
 27486 | Lair:6   | Entered Level 6 of the Lair of Beasts
 27633 | Lair:6   | Found a dark tunnel.
 27731 | Lair:6   | Reached XP level 16. HP: 108/108 MP: 26/34
 27804 | Volcano  | Entered a volcano
 28050 | Volcano  | Offered knowledge of Yara's Violent Unravelling by Vehumet.
 28052 | Volcano  | Reached skill level 15 in Spellcasting
 29110 | Lair:6   | Identified the +4 ring mail "Lumydenk" {rC+ Str-4 Int+5}
 29521 | D:3      | Killed diceflayer's ghost
 29867 | Orc:1    | Entered Level 1 of the Orcish Mines
 29867 | Orc:1    | Noticed Erica
 29873 | Orc:1    | Killed Erica
 29947 | Orc:1    | Found Feokyrr's Distillery.
 30078 | Orc:2    | Entered Level 2 of the Orcish Mines
 30343 | Orc:2    | Noticed Jorgrun
 30592 | Orc:2    | Found Toqo Sach's Book Shop.
 30629 | Orc:2    | Killed Jorgrun
 30705 | Orc:2    | Reached skill level 10 in Shields
 30710 | Orc:2    | Offered knowledge of Iskenderun's Battlesphere by Vehumet.
 30901 | Orc:2    | Found Liydoixto's Antique Armour Emporium.
 30924 | Orc:2    | Found a staircase to the Elven Halls.
 30961 | Orc:2    | Found Amaloarph's General Store.
 31029 | Orc:2    | Bought a potion of mutation for 120 gold pieces
 31029 | Orc:2    | Bought a scroll of blinking for 112 gold pieces
 31029 | Orc:2    | Bought a potion of heal wounds for 75 gold pieces
 31205 | Orc:2    | Found Xyer Xuc's Antique Weapon Shop.
 31214 | Orc:2    | Identified the +1 chain mail of Igyf {Str+2 Int+4}
 31610 | Orc:2    | Paralysed by an orc sorcerer for 5 turns
 31610 | Orc:2    | Noticed Saint Roka
 31756 | Orc:2    | Found a runed translucent door.
 31757 | Orc:2    | Found a shimmering altar of Xom.
 31757 | Orc:2    | Noticed jacek's ghost (journeyman DDCA)
 31764 | Orc:2    | Identified the +4 flail of Cocytus {chaos, rF- Will+++
                  | Dex-3 Stlth+}
 31824 | Orc:2    | Killed jacek's ghost
 32273 | D:15     | Reached skill level 16 in Spellcasting
 32339 | D:15     | Found a staircase to the Depths.
 32560 | Spider:1 | Entered Level 1 of the Spider Nest
 32677 | Spider:1 | Identified the +10 falchion of Goduocro {venom, Dex+4
                  | Stlth-}
 32731 | Spider:1 | Reached ****** piety under Vehumet
 32735 | Spider:1 | Reached XP level 17. HP: 31/114 MP: 37/37
 33298 | Spider:1 | Offered knowledge of Starburst by Vehumet.
 33504 | Spider:1 | Noticed Aizul
 33515 | Spider:1 | Learned a level 6 spell: Starburst
 33543 | Spider:1 | Killed Aizul
 33821 | Spider:1 | Noticed Asterion
 33826 | Spider:1 | Killed Asterion
 35385 | Spider:3 | Offered knowledge of Iron Shot by Vehumet.
 35509 | Spider:3 | Noticed Siverane's ghost (journeyman HOFi)
 35510 | Spider:3 | Found a runed translucent gate.
 35510 | Spider:3 | Found a runed translucent gate.
 35511 | Spider:3 | Found a runed translucent gate.
 35514 | Spider:3 | Noticed protoss039's ghost (adept GrEE)
 35571 | Spider:3 | Reached skill level 5 in Fire Magic
 35883 | Spider:3 | Identified the +4 ring mail of Hupaasi {rElec}
 36210 | Spider:3 | Learned a level 6 spell: Iron Shot
 36818 | Spider:3 | Identified the +2 leather armour "Xalof" {Str-5 Dex+7}
 36849 | Spider:4 | Entered Level 4 of the Spider Nest
 37027 | Spider:4 | Noticed Mlioglotl
 37321 | Spider:4 | Killed Mlioglotl
 37338 | Spider:4 | Offered knowledge of Fire Storm by Vehumet.
 37338 | Spider:4 | Offered knowledge of Chain Lightning by Vehumet.
 37338 | Spider:4 | Offered knowledge of Polar Vortex by Vehumet.
 37416 | Spider:4 | Reached XP level 18. HP: 120/120 MP: 38/38
 37443 | Spider:4 | Reached skill level 17 in Spellcasting
 38833 | Spider:4 | Noticed Arachne
 39012 | Spider:4 | Killed Arachne
 40379 | Spider:4 | Got a gossamer rune of Zot
 40583 | Lair:3   | Learned a level 9 spell: Fire Storm
 40585 | Shoals:1 | Entered Level 1 of the Shoals
 41148 | Shoals:1 | Found a bloodstained altar of Trog.
 41244 | Shoals:1 | Reached skill level 15 in Conjurations
 42926 | Shoals:2 | Reached XP level 19. HP: 21/128 MP: 37/40
 44384 | Shoals:3 | Reached skill level 15 in Shields
 44963 | Shoals:4 | Entered Level 4 of the Shoals
 45292 | Shoals:4 | Paralysed by an air elemental for 1 turns
 45302 | Shoals:4 | Noticed Polyphemus
 45311 | Shoals:4 | Killed Polyphemus
 45454 | Shoals:4 | Identified the +2 glaive of Histrionic Duty {flame, Stlth+}
 45748 | Shoals:4 | Paralysed by an air elemental for 1 turns
 45750 | Shoals:4 | Paralysed by an air elemental for 1 turns
 46184 | Shoals:4 | Noticed Louise
 46191 | Shoals:4 | Killed Louise
 46445 | Shoals:4 | Paralysed by an air elemental for 1 turns
 46474 | Shoals:4 | Paralysed by an air elemental for 1 turns
 46477 | Shoals:4 | Paralysed by an air elemental for 1 turns
 47027 | Shoals:4 | Paralysed by an air elemental for 1 turns
 47472 | Shoals:4 | Got a barnacled rune of Zot
 47542 | Shoals:4 | Learned a level 5 spell: Freezing Cloud
 47791 | Orc:2    | Killed Saint Roka
 47961 | Elf:1    | Entered Level 1 of the Elven Halls
 48794 | Elf:1    | Reached XP level 20. HP: 137/137 MP: 37/41
 48941 | Elf:1    | Identified a scroll of acquirement
 48942 | Elf:1    | Acquired 793 gold pieces
 49029 | Elf:1    | Reached skill level 18 in Spellcasting
 49889 | Elf:2    | Found Qemala's Antique Weapon Shop.
 50212 | Elf:2    | Found a runed translucent gate.
 50213 | Elf:2    | Found a runed translucent gate.
 50213 | Elf:2    | Found a runed translucent gate.
 52136 | Elf:3    | Entered Level 3 of the Elven Halls
 52986 | Elf:3    | Noticed Roxanne
 52994 | Elf:3    | Killed Roxanne
 54043 | Elf:3    | Identified the +2 great mace of Noohao {protect, rElec rC+
                  | Will+}
 54364 | Elf:3    | Reached skill level 15 in Armour
 54364 | Elf:3    | Reached XP level 21. HP: 103/144 MP: 24/43
 55000 | Elf:3    | Identified the ring of Heory {Drain rPois rC+ Str+4 Dex+4}
 55005 | Elf:3    | Identified the ring of the Queen {*Slow Fly rPois rN+
                  | Stlth+}
 55012 | Elf:3    | Identified the ring "Zesis" {EV+4 Int+2}
 55708 | Elf:3    | Identified the +0 ring mail of the Solstice {Int+5}
 55781 | Elf:3    | Learned a level 8 spell: Ignition
 56068 | Spider:3 | Killed protoss039's ghost
 56070 | Spider:3 | Killed Siverane's ghost
 56471 | Vaults:1 | Entered Level 1 of the Vaults
 56883 | Vaults:1 | Found Igaen's Assorted Antiques.
 56989 | Vaults:1 | Bought a scroll of teleportation for 111 gold pieces
 56989 | Vaults:1 | Bought a potion of heal wounds for 185 gold pieces
 56989 | Vaults:1 | Bought a scroll of identify for 74 gold pieces
 56989 | Vaults:1 | Bought a potion of curing for 111 gold pieces
 57084 | Vaults:1 | Found a runed translucent door.
 57084 | Vaults:1 | Noticed Seraphu's ghost (adept HOFi)
 57603 | Vaults:1 | Found Hugep's Antique Armour Emporium.
 57728 | Vaults:1 | Bought a glowing helmet for 255 gold pieces
 57746 | Vaults:1 | Found Huiff's Book Boutique.
 57753 | Vaults:1 | Bought a book of Unlife for 612 gold pieces
 58022 | Vaults:1 | Found Manofo's Magic Scroll Shop.
 58028 | Vaults:1 | Bought a scroll of amnesia for 66 gold pieces
 58028 | Vaults:1 | Bought a scroll of blinking for 142 gold pieces
 58028 | Vaults:1 | Bought a scroll of identify for 38 gold pieces
 58028 | Vaults:1 | Bought a scroll of teleportation for 57 gold pieces
 58028 | Vaults:1 | Bought a scroll of summoning for 180 gold pieces
 58037 | Vaults:1 | Learned a level 5 spell: Borgnjor's Vile Clutch
 58079 | Vaults:1 | Reached skill level 10 in Fire Magic
 58913 | Vaults:1 | Killed Seraphu's ghost
 60454 | Vaults:2 | Found a staircase to the Crypt.
 60902 | Vaults:2 | Reached XP level 22. HP: 153/153 MP: 44/44
 60906 | Vaults:2 | Reached skill level 19 in Spellcasting
 61063 | Vaults:2 | Found Reostrech's Antique Weapon Shoppe.
 61080 | Vaults:2 | Noticed Jory
 61542 | Vaults:3 | Noticed Donald
 61547 | Vaults:3 | Killed Donald
 63448 | Vaults:1 | Bought a book of the Moon for 680 gold pieces
 64849 | Vaults:4 | Found a portal to a secret trove of treasure.
 65047 | Vaults:4 | You paid a toll of 6 scrolls of fog to enter a treasure
                  | trove
 65048 | Trove    | Entered a treasure trove
 65053 | Trove    | Found the +8 frozen axe "Frostbite" {freezing cloud, *Noise
                  | Fly rC+}
 65077 | Trove    | Identified the +4 morningstar of Rely {vorpal, Str+3 Int+2
                  | Dex+4}
 65361 | Depths:1 | Entered Level 1 of the Depths
 65364 | Depths:1 | Found a stormy altar of Qazlal.
 65734 | Depths:1 | Found Xacziess's Jewellery Shoppe.
 65734 | Depths:1 | Found Kastiem's Antique Armour Emporium.
 65735 | Depths:1 | Found Cyik Somm's Antique Weapon Emporium.
 65737 | Depths:1 | Found Fyzoycol's Jewellery Shoppe.
 65750 | Depths:1 | Bought a pair of bloodstained gloves for 370 gold pieces
 65750 | Depths:1 | Identified the +1 pair of gloves of the Undertaker {rElec
                  | Str+5 Stlth-} (You bought it in a shop on level 1 of the
                  | Depths)
 65818 | Depths:1 | Found a gateway to Hell.
 65927 | Depths:1 | Found a corrupted altar of Lugonu.
 65927 | Depths:1 | Found a one-way gate to the infinite horrors of the Abyss.
 66111 | Depths:1 | Learned a level 8 spell: Lehudib's Crystal Spear
 66763 | Depths:2 | Reached skill level 1 in Necromancy
 66763 | Depths:2 | Reached XP level 23. HP: 160/160 MP: 46/46
 66767 | Depths:2 | Noticed a caustic shrike
 66769 | Depths:2 | Reached skill level 10 in Earth Magic
 66771 | Depths:2 | Killed a caustic shrike
 67536 | Depths:2 | Found a one-way gateway to a ziggurat.
 67907 | Depths:2 | Found a one-way gate leading to the halls of Pandemonium.
 69653 | Depths:4 | Entered Level 4 of the Depths
 69846 | Depths:4 | Identified the ring "Hotuan" {rC+ Slay+3}
 70066 | Depths:4 | Reached skill level 15 in Fire Magic
 70178 | Depths:4 | Paralysed by a floating eye for 3 turns
 70571 | Depths:4 | Identified the ring "Nitanokou" {rF++ Dex+2 SInv Stlth+}
 70622 | Depths:4 | Found Wieb Eze's Jewellery Emporium.
 70890 | Depths:4 | Paralysed by a floating eye for 4 turns
 70925 | Depths:4 | Noticed Sojobo
 70929 | Depths:4 | Killed Sojobo
 70934 | Depths:4 | Reached XP level 24. HP: 117/166 MP: 41/46
 70982 | Depths:4 | Got Sif Muna's Almanac of Harmful Earth
 71033 | Depths:4 | Identified the ring of Ignis's Scorn {rPois rN+}
 71130 | Depths:4 | Found Geyleqan's Magic Scroll Emporium.
 71140 | Depths:4 | Bought a scroll of magic mapping for 49 gold pieces
 71140 | Depths:4 | Bought a scroll of enchant armour for 105 gold pieces
 71140 | Depths:4 | Bought a scroll of fear for 49 gold pieces
 71140 | Depths:4 | Bought a scroll of fog for 28 gold pieces
 71140 | Depths:4 | Bought a scroll of teleportation for 42 gold pieces
 71155 | Depths:4 | Noticed a juggernaut
 71160 | Depths:4 | Killed a juggernaut
 71316 | Depths:4 | Found a gate to the Realm of Zot.
 71659 | Depths:4 | Reached skill level 20 in Spellcasting
 71777 | Depths:4 | Found a transporter.
 72427 | Depths:4 | Found a transporter.
 72731 | Crypt:1  | Entered Level 1 of the Crypt
 73218 | Crypt:1  | Noticed Mennas
 74993 | Crypt:3  | Entered Level 3 of the Crypt
 75093 | Crypt:2  | Found a basalt altar of Yredelemnul.
 75163 | Crypt:3  | Noticed Bai Suzhen
 75168 | Crypt:3  | Killed Bai Suzhen
 76102 | Crypt:3  | Identified the ring of Detuof {Will++ Dex+6}
 76287 | Crypt:3  | Found the +5 scythe "Finisher" {speed, eviscerate}
 77036 | Crypt:3  | Noticed Margery
 77040 | Crypt:3  | Killed Margery
 77637 | Crypt:3  | Found a staircase to the Tomb.
 77702 | Crypt:3  | Reached XP level 25. HP: 171/171 MP: 47/47
 77820 | Crypt:3  | Identified the +4 troll leather armour of Fortification
                  | {rF++ Regen+ SInv}
 78567 | Vaults:2 | Killed Jory
 78730 | Vaults:5 | Entered Level 5 of the Vaults
 78732 | Vaults:5 | Reached skill level 15 in Earth Magic
 78771 | Vaults:5 | Reached skill level 21 in Spellcasting
 79685 | Vaults:5 | Found the +8 autumn katana {vorpal, manifold assault}
 80201 | Vaults:5 | Identified the +6 spear "Lijof" {protect, rCorr SInv}
 80213 | Vaults:5 | Identified the +1 chain mail "Pokou" {Str+6}
 80744 | Vaults:5 | Got a silver rune of Zot
 82209 | Zot:1    | Entered Level 1 of the Realm of Zot
 82601 | Zot:1    | Reached XP level 26. HP: 135/177 MP: 48/48
 82826 | Zot:1    | Reached skill level 22 in Spellcasting
 84040 | Zot:2    | You are sucked into a shaft and drop 1 floor!
 85643 | Zot:4    | Noticed an orb of fire
 85654 | Zot:4    | Killed an orb of fire
 86347 | Zot:4    | Identified the +0 tower shield of Pophix {Fly rElec Int+3}
 86383 | Zot:5    | Entered Level 5 of the Realm of Zot
 86507 | Zot:5    | Noticed a Killer Klown
 86507 | Zot:5    | Noticed an ancient lich
 86512 | Zot:5    | Noticed an orb of fire
 86780 | Zot:5    | Killed an orb of fire
 87394 | Zot:5    | Noticed a Killer Klown
 87398 | Zot:5    | Killed a Killer Klown
 87547 | Zot:5    | Noticed a dread lich
 87563 | Zot:5    | Killed a dread lich
 87583 | Zot:5    | Noticed a dread lich
 87589 | Zot:5    | Killed a dread lich
 87870 | Zot:5    | Noticed an ancient lich
 87877 | Zot:5    | Killed an ancient lich
 87886 | Zot:5    | Noticed an orb of fire
 87891 | Zot:5    | Killed an orb of fire
 88002 | Zot:5    | Reached skill level 23 in Spellcasting
 88026 | Zot:5    | Reached XP level 27. HP: 159/182 MP: 13/50
 88186 | Zot:5    | Noticed an ancient lich
 88210 | Zot:5    | Killed an ancient lich
 88660 | Zot:5    | Noticed an ancient lich
 88666 | Zot:5    | Killed an ancient lich
 88688 | Zot:5    | Noticed an ancient lich
 88691 | Zot:5    | Killed an ancient lich
 88699 | Zot:5    | Noticed a dread lich
 88980 | Zot:5    | Noticed an orb of fire
 88991 | Zot:5    | Killed an orb of fire
 89231 | Zot:5    | Killed an ancient lich
 89434 | Zot:5    | Noticed a dread lich
 89439 | Zot:5    | Killed a dread lich
 89483 | Zot:5    | Killed a dread lich
 90124 | Hell     | Entered the Vestibule of Hell
 90124 | Hell     | Noticed Geryon
 90132 | Hell     | Killed Geryon
 90133 | Hell     | Reached skill level 1 in Ice Magic
 90281 | Depths:4 | Reached skill level 24 in Spellcasting
 90491 | Depths:4 | Learned a level 7 spell: Ozocubu's Refrigeration
 91299 | Hell     | Found a gateway to the Iron City of Dis.
 91489 | Hell     | Found a gateway to the ashen valley of Gehenna.
 91521 | Hell     | Found a gateway to the decaying netherworld of Tartarus.
 91631 | Hell     | Found a gateway to the freezing wastes of Cocytus.
 91685 | Coc:1    | Entered Level 1 of Cocytus
 91717 | Coc:1    | Paralysed by a wendigo for 1 turns
 91725 | Coc:1    | Paralysed by a wendigo for 1 turns
 91730 | Coc:1    | Paralysed by a wendigo for 1 turns
 91737 | Coc:1    | Paralysed by a wendigo for 1 turns
 91740 | Coc:1    | Paralysed by a wendigo for 1 turns
 91743 | Coc:1    | Reached skill level 5 in Ice Magic
 92330 | Coc:4    | You are sucked into a shaft and drop 2 floors!
 92540 | Coc:7    | Entered Level 7 of Cocytus
 92724 | Coc:7    | Paralysed by a wendigo for 1 turns
 92811 | Coc:7    | Paralysed by a wendigo for 1 turns
 92947 | Coc:7    | Paralysed by a wendigo for 1 turns
 92996 | Coc:7    | Paralysed by a wendigo for 1 turns
 93002 | Coc:7    | Paralysed by a wendigo for 1 turns
 93411 | Coc:7    | Paralysed by a wendigo for 1 turns
 93720 | Coc:7    | Paralysed by a wendigo for 1 turns
 93728 | Coc:7    | Paralysed by a wendigo for 1 turns
 94366 | Coc:7    | Identified the +1 dagger of Ugimmon {drain, Will+ Str+4}
 94376 | Coc:7    | Identified the ring of the Philosopher {+Blink Will- rCorr
                  | SInv}
 94382 | Coc:7    | Identified the +7 long sword of Fun Koyti {vorpal, *Rage
                  | rElec rC- rN+++}
 94420 | Coc:7    | Paralysed by a wendigo for 1 turns
 94424 | Coc:7    | Paralysed by a wendigo for 1 turns
 94617 | Coc:7    | Noticed Antaeus
 95295 | Coc:7    | Killed Antaeus
 95315 | Coc:7    | Got an icy rune of Zot
 95318 | Coc:7    | Got the Incunabulum of Shape Shifting and Summoning
 95323 | Coc:7    | Got the Disquisition on Earth
 95415 | Hell     | Learned a level 9 spell: Shatter
 95443 | Tar:1    | Entered Level 1 of Tartarus
 99108 | Tar:7    | Entered Level 7 of Tartarus
 99111 | Tar:7    | Noticed a dread lich
 99119 | Tar:7    | Killed a dread lich
 99418 | Tar:7    | Noticed a dread lich
 99423 | Tar:7    | Killed a dread lich
 99776 | Tar:7    | Identified the +7 chain mail "Noplyot" {Str+4}
100161 | Tar:7    | Noticed a dread lich
100166 | Tar:7    | Killed a dread lich
100915 | Tar:7    | Noticed Ereshkigal
100916 | Tar:7    | Noticed the Serpent of Hell
100922 | Tar:7    | Killed the Serpent of Hell
100922 | Tar:7    | Killed Ereshkigal
100949 | Tar:7    | Got a bone rune of Zot
101023 | Tar:7    | Identified the +7 scythe of Valiance {vorpal, rElec Will+
                  | Str-2 Stlth+}
101028 | Tar:7    | Identified the +0 plate armour of the Grue {Dex+7}
101308 | Tar:7    | Found the amulet of the Air {Inacc Air Fly rElec RMsl}
101308 | Tar:7    | Found the +7 sceptre of Torment {pain, torment}
101313 | Tar:7    | Identified the +2 war axe "Rog Xeso" {flame, *Rage rPois
                  | rC+}
101319 | Tar:7    | Identified the +1 robe "Zaufeywn" {Contam Fly Regen+ Int+8}
101464 | Tar:7    | Identified the ring of Adwyom {Fly rPois}
101741 | Dis:1    | Entered Level 1 of the Iron City of Dis
103621 | Dis:7    | Entered Level 7 of the Iron City of Dis
107525 | Dis:7    | Noticed a juggernaut
107530 | Dis:7    | Killed a juggernaut
107533 | Dis:7    | Found the +4 staff of Dispater
107533 | Dis:7    | Identified the ring of the Blind Eye {*Slow rElec rF+
                  | Int+5}
107533 | Dis:7    | Noticed Dispater
107543 | Dis:7    | Killed Dispater
107584 | Dis:7    | Identified the +3 scale mail "Hodyxan" {Regen+ Dex+7
                  | Stlth+}
107586 | Dis:7    | Got an iron rune of Zot
107589 | Dis:7    | Identified the +3 chain mail of Heresy {-Tele rCorr Int+10
                  | Slay-3}
108327 | Dis:7    | Noticed a juggernaut
108340 | Dis:7    | Killed a juggernaut
108367 | Dis:7    | Identified the ring of Osifue {Fire Drain rCorr Dex+3}
108369 | Dis:7    | Identified the +0 flail of Blood {distort, Int+2}
108503 | Geh:1    | Entered Level 1 of Gehenna
109288 | Geh:4    | Reached skill level 10 in Ice Magic
110204 | Geh:7    | Entered Level 7 of Gehenna
110562 | Geh:7    | Identified the ring "Huot" {Fire rPois rCorr Dex+3}
110964 | Geh:7    | Identified the +4 pearl dragon scales "Put-Me-On" {-Cast
                  | +Inv rElec rC+ rN+}
111039 | Geh:7    | Found the +7 sceptre of Asmodeus
111039 | Geh:7    | Noticed Asmodeus
111059 | Geh:7    | Identified the +1 glaive "Gofrousi" {pain, rPois rC+ MP+9
                  | Str+3 Dex-3}
111298 | Geh:7    | Killed Asmodeus
111344 | Geh:7    | Got an obsidian rune of Zot
111401 | Geh:7    | Reached skill level 15 in Ice Magic
111414 | Geh:7    | Got the Disquisition on Transmigration and Heat
111424 | Geh:7    | Learned a level 8 spell: Necromutation
111575 | Geh:7    | Reached skill level 5 in Necromancy
111902 | Pan      | Entered Pandemonium
112400 | Pan      | Noticed Qyor the pandemonium lord
112405 | Pan      | Killed Qyor the pandemonium lord
112779 | Pan      | Got Sif Muna's Collected Works on the Mutagenic Frostbite
113901 | Pan      | Found a transporter.
114037 | Pan      | Found a transporter.
114972 | Pan      | Reached skill level 5 in Transmutations
114973 | Pan      | Reached skill level 10 in Necromancy
115023 | Pan      | Identified the amulet "Qereocu" {Reflect Int+9 SH+5}
115041 | Pan      | Identified the ring of Hoteamyeq {rPois rF+ rC++ Int+3
                  | Dex-2}
115202 | Pan      | Found an exit through the horrors of the Abyss.
116112 | Pan      | Found a white marble altar of Elyvilon.
117223 | Pan      | Found a glowing silver altar of Zin.
118349 | Pan      | Noticed a seraph
118355 | Pan      | Found a glowing golden altar of the Shining One.
118356 | Pan      | Killed a seraph
118392 | Pan      | Identified the +2 tower shield of Obloc {rF+ Regen+}
118405 | Pan      | Identified the ring "Ceireogaoh" {Fly Will+ Int+6 Slay-5}
118413 | Pan      | Got a demonic rune of Zot
118417 | Pan      | Identified the ring "Fewal" {rC+ MP+9 Dex+4 Stlth+}
118634 | Pan      | Identified the +1 cloak of the Land of Plenty {rN+ Int+4}
118639 | Pan      | Identified the +6 fustibalus of Fimiuq {freeze, rElec rPois
                  | Will- Int+5}
118958 | Pan      | Entered the realm of Mnoleg.
119542 | Pan      | Paralysed by a floating eye for 4 turns
119607 | Pan      | Noticed Mnoleg
119614 | Pan      | Paralysed by a floating eye for 3 turns
119619 | Pan      | Killed Mnoleg
119699 | Pan      | Paralysed by a floating eye for 4 turns
119868 | Pan      | Got a glowing rune of Zot
119970 | Pan      | Found a huge runed translucent gate.
119971 | Pan      | Found a huge runed translucent gate.
120080 | Pan      | Reached skill level 15 in Necromancy
120801 | Pan      | Found a huge runed translucent gate.
120802 | Pan      | Found a huge runed translucent gate.
120802 | Pan      | Found a huge runed translucent gate.
120802 | Pan      | Found a huge runed translucent gate.
120803 | Pan      | Found a huge runed translucent gate.
121405 | Pan      | Found an exit through the horrors of the Abyss.
122026 | Pan      | Noticed Paanude the pandemonium lord
122029 | Pan      | Killed Paanude the pandemonium lord
122198 | Pan      | Took an exit into the Abyss.
122198 | Abyss:1  | Escaped into the Abyss
122347 | Abyss:2  | Found an ancient bone altar of Kikubaaqudgha.
123172 | Abyss:3  | Reached skill level 25 in Spellcasting
123172 | Abyss:3  | Reached skill level 10 in Transmutations
123172 | Abyss:3  | Got an abyssal rune of Zot
123181 | Depths:2 | Escaped the Abyss
123491 | Slime:1  | Entered Level 1 of the Pits of Slime
123767 | Slime:5  | Entered Level 5 of the Pits of Slime
124040 | Slime:5  | Noticed the Royal Jelly
124043 | Slime:5  | Killed the Royal Jelly
124351 | Slime:5  | Identified the ring of the Middle {AC+4 SInv}
124375 | Slime:5  | Identified the +0 chain mail of the Quahog {Will+ Int+2}
124376 | Slime:5  | Identified the ring "Qoqusoku" {Fly Str+6}
124383 | Slime:5  | Found the +14 obsidian axe {vorpal, Mesm Drain Fly SInv}
124386 | Slime:5  | Identified the +3 trident of the Evil Eye {flame, rPois
                  | rCorr Dex-2 Stlth+}
124402 | Slime:5  | Got a slimy rune of Zot
124403 | Slime:5  | Identified the +1 cloak of Uskayaw's Regard {Harm rC++}
124441 | Slime:5  | Identified the ring "Apliu" {Ice rN+ Will+ Str+3 Slay+2}
124852 | Pan      | Entered the realm of Cerebov.
124852 | Pan      | Entered Pandemonium
124920 | Pan      | Found an exit through the horrors of the Abyss.
125302 | Pan      | Identified the ring "Arphuth" {MP+9 Str-5 Dex+4}
125308 | Pan      | Identified the +8 scale mail "Tuckamp" {Fly rPois Dex-5}
125309 | Pan      | Identified the +3 scale mail of Green Wonder {rN+ SInv}
125347 | Pan      | Identified the +8 scimitar of Dried Tears {venom, rElec rC-
                  | Will- Int+10}
125347 | Pan      | Identified the +1 storm dragon scales of the Dropbear
                  | {rElec rC+ Int+2}
125421 | Pan      | Learned a level 9 spell: Polar Vortex
125434 | Pan      | Identified the amulet of Qutiocup {Spirit rElec Int+4
                  | Stlth-}
125480 | Pan      | Found the +6 sword of Cerebov {flame}
125480 | Pan      | Noticed Cerebov
125491 | Pan      | Killed from afar by Cerebov

Illustrated notes

Levels and vault maps discovered:
D:1:      dpeg_arrival_prison, layout_basic, serial_shops, shop, minmay_tall_x
D:2:      layout_basic, hellmonk_ecumenical_altar_inner_sanctum,
          minmay_misc_feat_five, minmay_quantized
D:3:      layout_rooms, cheibrodos_ashenzari_chains, gammafunk_ghost_grave
D:4:      layout_loops_ring, uniq_menkaure, uniq_blork_the_orc, uniq_robin
D:5:      layout_rooms, kennysheep_path_1, grunt_ministairs_2
D:6:      layout_rooms, minmay_temple_entry_crystal_x, serial_glass,
          glass_columns_c, glass_columns_a, glass_columns_a, glass_columns_a,
          glass_columns_b, glass_columns_c, glass_columns_a, glass_columns_a,
          uniq_grinder, uniq_eustachio
D:7:      layout_basic, amcnicky_altar_gilded, mainiacjoe_overflow_alcove_1,
          wad_floor_pattern_untrapped, chequers_serial_rivers_micro_b,
          sigmund_edmund_badplayer, uniq_prince_ribbit1, uniq_harold,
          uniq_duvessa
D:8:      layout_cave_pools, bloody_trog, marbit_many_paths,
          minmay_lair_entry_lava, serial_park, serial_park_tiny_1,
          serial_park_square1 [serial_park_minivault_5x5_8],
          serial_park_tiny_pond, serial_park_tiny_1
D:9:      layout_loops_corners, gammafunk_temple_overflow_wave, erik_orc_2,
          minmay_misc_feat_iff, minivault_7, uniq_maurice, uniq_grum
D:10:     wander_kiku_kobolds, layout_basic, yredelemnul_altar_generic
D:11:     minmay_evil_eye, layout_small_grid, serial_rivers,
          chequers_serial_rivers_room_a, chequers_serial_rivers_micro_d,
          chequers_serial_rivers_micro_c, chequers_serial_rivers_large_a,
          chequers_serial_rivers_room_a, chequers_serial_rivers_small_a,
          nicolae_ru_awakened_eye
D:12:     layout_loops_ring, portal_ice_cave_entry_pillars_1
D:13:     layout_loops_ring
D:14:     layout_irregular_city, lightli_vaults_fourway_checkpoint,
          corexii_hall_statues_l
D:15:     grunt_enter_depths_magical_seal, layout_long_grid, serial_shops,
          nicolae_shop_hallway_plus, minmay_guarded_unrand_skullcrusher
Temple:   jpeg_temple_clearing
Lair:1:   minmay_lair_oklob_chamber, layout_regular_city, minivault_26,
          minivault_23, nicolae_quartered_pool_little, serial_bayou_shore_b,
          grunt_megastairs_4
Lair:2:   layout_long_grid, spider_nest_entry_funnel_web, grunt_megastairs_5,
          serial_bayou_shore_a, uniq_gastronok
Lair:3:   layout_chaotic_city, minmay_shoals_entry_centaurs,
          kennysheep_snail_temple, infiniplex_staircase_pool_2
Lair:4:   layout_loops_ring, serial_bayou_lagoon_b, grunt_megastairs_2
Lair:5:   layout_hall_layers, dpeg_slime_entry_enclosed_altar
Lair:6:   evilmike_catoblepas_cave, layout_gridlike,
          nicolae_volcano_entry_hallway
Shoals:1: layout_shoals, lemuel_centaur_altar
Shoals:2: layout_shoals, nicolae_shoals_lost_giant_amphitheater
Shoals:3: layout_shoals, nicolae_shoals_water_booths
Shoals:4: shoals_end_hellmonk_storm_palace [storm_palace_center_circular,
          storm_palace_corner_blocked, storm_palace_corner_narrow,
          storm_palace_corner_reverse_hut, storm_palace_corner_pillars],
          uniq_polyphemus, uniq_louise
Spider:1: layout_chambers, nicolae_spider_some_kinda_spiderbox,
          hangedman_spider_tarantella_strand, uniq_asterion, uniq_aizul
Spider:2: layout_spider_delve
Spider:3: layout_cave_pods, gammafunk_ghost_cemetery
Spider:4: hellmonk_spider_rune_bug_friends, drop_trap, nicolae_spider_bug_shape,
          uniq_mlioglotl, uniq_arachne
Slime:1:  layout_caves
Slime:2:  layout_caves
Slime:3:  layout_caves
Slime:4:  layout_caves
Slime:5
Orc:1:    layout_caves, serial_shops, nicolae_shop_crystal, uniq_erica
Orc:2:    grunt_orc_gardens, layout_caves, grunt_orc_garden, grunt_orc_garden,
          grunt_orc_garden, grunt_orc_garden, ebering_ghost_xom,
          statue_in_the_mist_lemuel, elf_legates, uniq_jorgrun, uniq_saint_roka
Elf:1:    layout_loops_cross, hangedman_elven_crosses_minicolossus
Elf:2:    nicolae_elf_blades_crystal_corner, layout_geoelf_octagon,
          serial_shops, nicolae_square_shop, einodemon_armed_red_devil_minivault
Elf:3:    minmay_elf_hall_quartered_circle, layout_geoelf_castle, uniq_roxanne
Vaults:1: hellmonk_ghost_happy_afterlife, nicolae_vaults_ninety_degrees,
          hangedman_vaults_stretched_pinwheel, ontoclasm_vaults_gateway,
          nicolae_vaults_circle_grid_a, vaults_room_boxed, grunt_vaults_focal,
          vaults_standard_mumra_lines, nicolae_vaults_display_case,
          hangedman_vaults_nails, vaults_dpeg_hooks, layout_vaults_omnigrid,
          serial_shops, nicolae_shop_temple_entry_statues_fountains,
          shop_fountains, nicolae_square_shop, shop_fountains
Vaults:2: grunt_vaults_diagonal, nicolae_vaults_theta, v_misc_25, v_misc_13,
          vaults_mumra_chevron_long, v_misc_8, vaults_mumra_chevron,
          nicolae_vaults_alarming, vaults_dpeg_spiral,
          ontoclasm_vaults_misaligned, minmay_crypt_entry_nasty_monster,
          nicolae_vaults_theta, v_misc_29, vaults_dpeg_encased_lava,
          layout_vaults_omnicross, serial_shops, shop, uniq_jory
Vaults:3: nicolae_vaults_stairing_the_circle, v_alt_pattern_5, vaults_mumra_lcd,
          nicolae_vaults_circle_grid_a, hangedman_vaults_impose,
          vaults_room_pool, nicolae_vaults_rhombus_5, vaults_mumra_hexcomb,
          vaults_dpeg_diagonal, ontoclasm_vaults_decontamination,
          ontoclasm_vaults_loading_screen, ontoclasm_vaults_spin,
          layout_vaults_omnibox, uniq_donald
Vaults:4: v_misc_29, v_misc_12, vaults_room_pool, nicolae_vaults_hallways_thing,
          hangedman_vaults_river_flow, v_misc_12, nicolae_vaults_little_ls,
          v_misc_14, v_misc_33, nicolae_vaults_specimen_jars,
          layout_vaults_ring, nicolae_trove_entry_diagonal
Vaults:5
Crypt:1:  layout_gridlike, uniq_mennas
Crypt:2:  layout_regular_city, serial_sigils_hangedman_scratch,
          lemuel_upstairs_altar
Crypt:3:  quadcrypt_mu, uniq_margery, uniq_bai_suzhen
Depths:1: layout_cave_pools, pf_hell_entry_tar_spiral, abyss_entry_flame_altar,
          grunt_decor_arrowhead, nicolae_qazlal_general_emergency,
          minmay_shoptagon
Depths:2: kennysheep_big_flooded_room, layout_gridlike, enter_ziggurat_b,
          abyss_entry, rand_demon_pan_entry_4, hell_entry
Depths:3: hangedman_cross_stitches, layout_gridlike, abyss_entry,
          grunt_hell_entry_dis_mu, minmay_misc_feat_nine_boxes
Depths:4: hangedman_spin_cycle, hell_entry
Hell
Dis:1:    layout_regular_city
Dis:2:    layout_gridville
Dis:3:    layout_gridville
Dis:4:    layout_regular_city
Dis:5:    layout_subdivisions
Dis:6:    layout_subdivisions
Dis:7:    dis_st
Geh:1:    layout_gehenna_lava_caves
Geh:2:    layout_gehenna_pools_box
Geh:3:    layout_gehenna_lava_caves
Geh:4:    layout_gehenna_pools_basic, nicolae_hells_seeping_fissure
Geh:5:    layout_gehenna_lava_caves
Geh:6:    layout_gehenna_lava_caves
Geh:7:    geh_grunt
Coc:1:    layout_ice_bergs
Coc:2:    layout_cocytus_delve
Coc:3:    nicolae_coc_three_mouths, layout_cocytus_delve
Coc:4:    layout_cocytus_water_paths
Coc:5:    layout_ice_bergs
Coc:6:    layout_ice_bergs
Coc:7:    coc_hangedman
Tar:1:    layout_catacombs, nicolae_tar_combbox
Tar:2:    layout_cathedral_of_symmetry
Tar:3:    layout_honeycomb, lemuel_nasty_fountain
Tar:4:    layout_catacombs
Tar:5:    layout_grid_maze
Tar:6:    nicolae_tar_entranced, layout_cathedral_of_symmetry
Tar:7:    tar_old
Zot:1:    layout_gridville
Zot:2:    layout_basic
Zot:3:    layout_gridlike, hangedman_zot_decor_slant
Zot:4:    layout_twisted_circle
Zot:5:    layout_basic, grunt_ministairs_4
Pan:      evilmike_mini_pan_other_thingy, layout_chambers, gammafunk_its_a_trap,
          layout_cellular_growth, pan_blood_fountain, pan_blood_fountain_small,
          nicolae_pan_cerebovesque_4, nicolae_pan_sick_transit,
          nicolae_pan_sigil_uleosi, regret_index_pan_draining_boxed,
          layout_pan_divisions_a [pan_division_quadrant_a4,
          pan_division_quadrant_a6, pan_division_quadrant_a5,
          pan_division_quadrant_a5, pan_division_octagon_box],
          nicolae_pan_lom_lobonic_2, evilmike_holy_pan, evilmike_mnoleg_eyes,
          layout_small_grid, nicolae_pan_mnolegish_5, nicolae_pan_giant_door,
          layout_chambers, cerebov_grunt_fire_and_steel, layout_rooms,
          pan_blood_fountain_small

Skill      XL: |  1  2  3  4  5  6  7  8  9 10 11 12 13 14 15 16 17 18 19 20 21 22 23 24 25 26 27 |
---------------+----------------------------------------------------------------------------------+-----
Fighting       | 1 2 3 4 6 7 8 9 10 12 13 14 15 16 17 18 19 20 21 24 | 24.0
Transmutations | 1 3 10 | 10.9
Armour         | 1 2 3 4 6 8 10 11 12 13 15 16 18 24 | 24.0
Earth Magic    | 4 5 6 7 9 12 14 15 24 | 24.0
Spellcasting   | 3 4 5 7 8 10 12 13 14 16 17 18 19 20 21 23 25 | 25.6
Conjurations   | 2 3 5 6 8 9 10 11 12 13 15 18 20 24 | 24.0
Stealth        | 3 |  3.0
Shields        | 5 7 11 13 14 15 17 18 19 20 21 24 | 24.0
Poison Magic   | 1 3 |  3.0
Fire Magic     | 3 6 7 8 9 11 14 15 17 21 | 21.0
Necromancy     | 1 3 16 | 16.9
Ice Magic      | 15 | 15.0
Dodging        | |  1.5

Action                   |  1- 3 |  4- 6 |  7- 9 | 10-12 | 13-15 | 16-18 | 19-21 | 22-24 | 25-27 || total
-------------------------+-------+-------+-------+-------+-------+-------+-------+-------+-------++-------
Melee: Unarmed           |    22 |       |       |       |       |       |       |       |       ||    22
       Punch             |     2 |       |       |     2 |     1 |       |       |       |       ||     5
       Whip              |   162 |       |       |       |       |       |       |       |       ||   162
       Dagger            |     1 |    70 |    42 |       |       |       |       |       |       ||   113
       Short sword       |       |       |     1 |       |       |       |       |       |       ||     1
       Flail             |       |       |     2 |   132 |   346 |   498 |   276 |   251 |   698 ||  2203
       Scimitar          |       |       |       |       |     7 |       |       |       |       ||     7
       Staff             |       |       |       |       |       |       |       |       |    13 ||    13
 Cast: Sandblast         |    17 |    56 |    62 |   101 |    57 |    28 |    13 |     1 |    10 ||   345
       Stone Arrow       |       |     1 |    70 |   275 |   344 |   324 |    22 |       |    17 ||  1053
       Passwall          |       |       |     2 |     5 |     1 |     1 |     1 |     1 |     9 ||    20
       Flame Wave        |       |       |       |     6 |    11 |     6 |       |       |       ||    23
       Mephitic Cloud    |       |       |       |       |    29 |    50 |    60 |       |       ||   139
       Olgreb's Toxic Ra |       |       |       |       |    69 |   169 |    77 |     2 |       ||   317
       Swiftness         |       |       |       |       |     2 |     3 |       |       |    16 ||    21
       Irradiate         |       |       |       |       |     4 |     9 |       |       |       ||    13
       Iron Shot         |       |       |       |       |       |   113 |   548 |   325 |   674 ||  1660
       Starburst         |       |       |       |       |       |    45 |    44 |       |       ||    89
       Freezing Cloud    |       |       |       |       |       |       |    23 |    15 |    30 ||    68
       Borgnjor's Vile C |       |       |       |       |       |       |    17 |   239 |   702 ||   958
       Ignition          |       |       |       |       |       |       |     9 |    98 |   239 ||   346
       Lehudib's Crystal |       |       |       |       |       |       |       |    40 |   425 ||   465
       Fire Storm        |       |       |       |       |       |       |       |       |   231 ||   231
       Ozocubu's Refrige |       |       |       |       |       |       |       |       |   141 ||   141
       Shatter           |       |       |       |       |       |       |       |       |    48 ||    48
       Necromutation     |       |       |       |       |       |       |       |       |    28 ||    28
       Polar Vortex      |       |       |       |       |       |       |       |       |     1 ||     1
 Abil: End Transformatio |       |       |       |       |       |       |       |       |     4 ||     4
Evoke: Wand              |       |       |     1 |     3 |     3 |     2 |       |       |       ||     9
  Use: Scroll            |       |       |     2 |     9 |    11 |    12 |    11 |     5 |    27 ||    77
       Potion            |       |       |       |       |       |     3 |     2 |       |    21 ||    26
 Stab: Sleeping          |     6 |     4 |     1 |     1 |     3 |     1 |       |       |     1 ||    17
       Confused          |       |       |       |       |     1 |     4 |     5 |       |     1 ||    11
       Petrified         |       |       |       |       |       |     2 |       |       |       ||     2
       Distracted        |       |       |       |       |       |       |       |     1 |       ||     1
       Invisible         |       |       |       |       |       |       |       |       |     1 ||     1
Armor: Robe              |    85 |    45 |    49 |    25 |       |       |       |       |    31 ||   235
       Leather armour    |       |       |       |   101 |   546 |   674 |   379 |   291 |  1114 ||  3105
       Ring mail         |       |       |       |    36 |       |       |       |       |       ||    36
Dodge: Dodged            |   155 |    72 |    49 |   248 |   645 |   473 |   230 |   147 |   557 ||  2576
Block: Buckler           |       |       |       |       |   131 |    65 |    95 |    61 |       ||   352
       Kite shield       |       |       |       |       |       |   494 |   248 |   343 |  1078 ||  2163
       Reflection        |       |       |       |       |       |       |    12 |    18 |    99 ||   129
       Tower shield      |       |       |       |       |       |       |       |       |   941 ||   941
